 Dungeon Crawl Stone Soup version 0.18-a0-1041-gbe91bf5 (webtiles) character file.

902 Duffy the Chopper (level 8, -11/43 HPs)
             Began as a Vine Stalker Fighter on Jan 10, 2016.
             Was an Initiate of Cheibriados.
             Mangled by a two-headed ogre
             ... wielding a +0 giant club
              (21 damage)
             ... on level 6 of the Dungeon.
             The game lasted 00:03:53 (3952 turns).

Duffy the Chopper (Vine Stalker Fighter)            Turns: 3952, Time: 00:03:53

Health: -11/43     AC: 13    Str: 20    XL:     8   Next: 7%
Magic:  0/9        EV: 11    Int: 11    God:    Cheibriados [......]
Gold:   322        SH:  0    Dex: 15    Spells: 0 memorised, 7 levels left

rFire  . . .     SeeInvis .     d - +0 battleaxe
rCold  . . .     Gourm    .     l - +0 chain mail
rNeg   . . .     Faith    .     (shield currently unavailable)
rPois  .         Spirit   +     g - +2 helmet
rElec  .         Dismiss  .     v - +0 cloak
rCorr  .         Reflect  .     (no gloves)
SustAt .         Harm     .     (no boots)
MR     +....                    (no amulet)
Stlth  ..........               (no ring)
                                u - +4 ring of evasion (curse)

@: very slow, somewhat resistant to hostile enchantments, extremely unstealthy
A: fangs 3, regeneration 2, magic shield, antimagic bite, no device heal 3, rot
immunity
a: Bend Time, Renounce Religion


You were on level 6 of the Dungeon.
You worshipped Cheibriados.
Cheibriados was noncommittal.
You were not hungry.

You visited 2 branches of the dungeon, and saw 7 of its levels.

You collected 322 gold pieces.


Innate Abilities, Weirdness & Mutations

You have razor-sharp teeth.
You heal very quickly.
When hurt, damage is shared between your health and your magic reserves.
Your bite disrupts and absorbs the magic of your enemies.
Potions and wands cannot restore your health.
You are immune to rotting.


   Skills:
 + Level 5.2 Fighting
 + Level 7.0 Axes
 - Level 2.4 Armour
 - Level 2.6 Shields


You had 7 spell levels left.
You didn't know any spells.

Inventory:

Hand Weapons
 a - a +0 war axe
 d - a +0 battleaxe (weapon)
Armour
 b - a +0 scale mail
 c - a +0 shield
 g - a +2 helmet (worn)
 l - a +0 chain mail (worn)
 v - a +0 cloak (worn)
Jewellery
 u - a cursed +4 ring of evasion (left hand)
Wands
 k - a wand of random effects (23/48)
Scrolls
 e - a scroll of enchant armour {unknown}
 h - 3 scrolls of remove curse {unknown}
 m - a scroll of fog {unknown}
 s - a scroll of immolation {unknown}
 w - a scroll of magic mapping {unknown}
 x - 3 scrolls of identify {unknown}
 y - a scroll of teleportation {unknown}
 A - a scroll of fear {unknown}
Potions
 i - 2 potions of resistance {unknown}
 n - a potion of curing {unknown}
 q - a potion of mutation {unknown}
 r - 2 potions of cure mutation {unknown}
 t - 2 potions of ambrosia {unknown}
Comestibles
 f - 5 bread rations
 j - 2 meat rations
 o - 2 royal jellies
 p - a beef jerky
 z - a chunk of flesh

Dungeon Overview and Level Annotations

Branches:
Dungeon (6/15)             Temple (1/1) D:5

Altars:
Ashenzari
Cheibriados
Elyvilon
Fedhas
Gozag
Kikubaaqudgha
Nemelex Xobeh
Okawaru
Pakellas
Ru
Trog
Xom


Message History

The giant frog closely misses you.
The giant frog hits you but does no damage.
You slice the giant frog!!
You kill the giant frog!
Cheibriados thoroughly appreciates the change of pace.
Your Axes skill increases to level 7!
You have reached level 8!
You feel stronger.
Your teeth grow very long and razor-sharp.
You see here a giant frog corpse.
You butcher the giant frog corpse.
z - 2 chunks of flesh Eating one of 2 chunks of flesh.
This raw flesh tastes terrible.
You continue eating. x2
Found a stone staircase leading down.
h - 3 scrolls labeled DAUBLO ECUITOD (gained 1)
You now have 322 gold pieces (gained 17).
You open the door.
There is an open door here.
You open the door.
A two-headed ogre comes into view.
It is wielding a giant club and a giant spiked club.
There is an open door here.
You swing at nothing.
The two-headed ogre hits you with a giant club!!
The two-headed ogre hits you with a giant spiked club!
You hit the two-headed ogre.
The two-headed ogre is lightly wounded.
The two-headed ogre barely misses you.
The two-headed ogre hits you but does no damage.
You barely miss the two-headed ogre. You bite the two-headed ogre.
You drain its power.
You feel invigorated.
The two-headed ogre is lightly wounded.
The two-headed ogre hits you with a giant club.
The two-headed ogre hits you with a giant spiked club!!
You die...

####+#..
#......#
#......#
#......#
#......#
+......#
#..O...#
####@#
#....#
#....#
#....#
#....#
#....#
##'###
#....#
#....#


You could see a two-headed ogre.

Action                   |  1- 3 |  4- 6 |  7- 9 || total
-------------------------+-------+-------+-------++-------
Melee: War axe           |    75 |   177 |    35 ||   287
       Battleaxe         |       |       |     6 ||     6
  Use: Potion            |       |       |     1 ||     1
  Eat: Chunk             |       |     8 |     3 ||    11

Notes
Turn   | Place    | Note
--------------------------------------------------------------
     0 | D:1      | Duffy the Vine Stalker Fighter began the quest for the Orb.
     0 | D:1      | Reached XP level 1. HP: 11/11 MP: 2/2
    55 | D:1      | Reached skill level 2 in Axes
    97 | D:1      | Reached XP level 2. HP: 13/16 MP: 3/3
   626 | D:1      | Reached skill level 3 in Axes
   653 | D:2      | Reached XP level 3. HP: 16/19 MP: 4/4
   777 | D:2      | Found a sacrificial altar of Ru.
   837 | D:2      | Found a faded altar to an unknown god.
   881 | D:2      | Noticed Terence
   892 | D:2      | Killed Terence
   892 | D:2      | Reached XP level 4. HP: 23/23 MP: 5/5
  1040 | D:2      | Reached skill level 4 in Axes
  1509 | D:3      | Noticed a moth of wrath
  1512 | D:3      | Found a bloodstained altar of Trog.
  1710 | D:3      | Reached XP level 5. HP: 9/27 MP: 3/6
  2107 | D:3      | Reached skill level 5 in Axes
  2291 | D:4      | Found an ancient bone altar of Kikubaaqudgha.
  2679 | D:4      | Gained mutation: You heal very quickly. [Vine Stalker growth]
  2679 | D:4      | Reached XP level 6. HP: 32/32 MP: 7/7
  2690 | D:5      | Entered Level 5 of the Dungeon
  2697 | D:5      | Reached skill level 3 in Fighting
  3037 | D:5      | Found a staircase to the Ecumenical Temple.
  3045 | Temple   | Entered the Ecumenical Temple
  3132 | Temple   | Became a worshipper of Cheibriados the Contemplative
  3225 | D:5      | Reached skill level 6 in Axes
  3279 | D:5      | Reached XP level 7. HP: 30/37 MP: 8/8
  3332 | D:5      | Reached skill level 4 in Fighting
  3379 | D:5      | Found an iron altar of Okawaru.
  3614 | D:5      | Found an oddly glowing altar of Pakellas.
  3752 | D:6      | Found a sparkling altar of Nemelex Xobeh.
  3823 | D:6      | Reached skill level 5 in Fighting
  3903 | D:6      | Reached skill level 7 in Axes
  3903 | D:6      | Gained mutation: You have razor-sharp teeth. [Vine Stalker growth]
  3903 | D:6      | Reached XP level 8. HP: 43/43 MP: 9/9
  3948 | D:6      | Noticed a two-headed ogre
  3952 | D:6      | Mangled by a two-headed ogre

Vault maps used:
D:1:      dpeg_arrival_simpleton_b, kennysheep_small_spiral
D:2:      nicolae_ru_sacrificial_ziggurat, first_bread, ecumenical_altar_1,
          nrook_mini_backslash, uniq_terence
D:3:      tgw_trog
D:4:      minmay_goblin_kobold_castle, nicolae_overflow_hidden_temple,
          hangedman_decor_slide_cut
D:5:      marbit_many_paths, minmay_temple_entry_fiery, grunt_pakellas_sulfur
D:6:      overflow_temple_1_default, gammafunk_temple_overflow_elements,
          minmay_overflow_temple_star_quad
Temple:   circular_temple_6

Vanquished Creatures
  An orc warrior
  A necrophage
  A giant frog
  2 scorpions
  A hound
  A jelly
  An orc priest
  A giant frog skeleton
  2 orc wizards
  2 centaur skeletons Terence
  An iguana
  5 worker ants
  8 adders
  2 oozes
  5 worms
  4 giant geckos
  4 orcs
  A ball python
  6 giant cockroaches
  5 goblins
  8 hobgoblins
  9 bats
  3 giant newts
  A jackal skeleton
  3 kobolds
  4 rats
83 creatures vanquished.
